[ AOE2 MATCH · #483301100 ]
UnrankedFranks vs Persians
[ REPLAY ANALYSIS · EXTRACTED FROM THE RECORDED GAME ]
Feudal
11:12
Castle
15:19
Imperial
30:08
| APM avg | 30.3 |
| APM peak | 64 |
| eAPM avg | 20.3 |
| Villagers / military | 119 / 410 |
Focus
⚔️ 34.4% · 🌾 65.6%
Spearman ×246 · Knight ×161 · Trebuchet (Packed) ×2 · Monk ×1
Feudal
10:58
Castle
16:15
Imperial
32:48
| APM avg | 37.8 |
| APM peak | 100 |
| eAPM avg | 21.5 |
| Villagers / military | 161 / 307 |
Focus
⚔️ 32.8% · 🌾 67.2%
War Elephant ×139 · Spearman ×69 · Camel Scout ×50 · Scorpion ×28 · Battering Ram ×15 · Trebuchet (Packed) ×6
Feudal
12:34
Castle
19:05
Imperial
—
| APM avg | 11.7 |
| APM peak | 70 |
| eAPM avg | 8.0 |
| Villagers / military | 91 / 12 |
Focus
⚔️ 9.5% · 🌾 90.5%
Militia ×7 · Serjeant ×5
Feudal
11:40
Castle
18:12
Imperial
35:37
| APM avg | 13.5 |
| APM peak | 34 |
| eAPM avg | 9.3 |
| Villagers / military | 128 / 149 |
Focus
⚔️ 27.8% · 🌾 72.2%
Knight ×58 · Scout Cavalry ×44 · Skirmisher ×42 · Trebuchet (Packed) ×4 · Monk ×1
Feudal
9:44
Castle
17:28
Imperial
31:13
| APM avg | 26.7 |
| APM peak | 61 |
| eAPM avg | 15.8 |
| Villagers / military | 85 / 152 |
Focus
⚔️ 22.9% · 🌾 77.1%
Camel Scout ×133 · Hand Cannoneer ×14 · Petard ×2 · Trebuchet (Packed) ×2 · Armored Elephant ×1
Feudal
10:18
Castle
17:16
Imperial
35:56
| APM avg | 18.5 |
| APM peak | 44 |
| eAPM avg | 14.4 |
| Villagers / military | 121 / 212 |
Focus
⚔️ 24.0% · 🌾 76.0%
Leitis ×138 · Spearman ×65 · Trebuchet (Packed) ×5 · Monk ×4
Match map
Initial resources + every placement click. Lines = walls · curves = elevation contours. ◆ gold · ⬟ stone · ● berries · ✦ relic · ◌ wall gap
Your base· ✓ Closed at 15:19 · 0t walls · 3 gate(s)
Up1set's base· ✓ Closed at 16:15 · 0t walls · 2 gate(s)
傲娇's base· ✓ Closed at 19:05 · 0t walls · 3 gate(s)
一拍车拍死你全家's base· ✓ Closed at 18:12 · 0t walls · 2 gate(s)
Tsukitech's base· ✓ Closed at 17:28 · 0t walls · 3 gate(s)
喜多川海梦's base· ✓ Closed at 17:16 · 0t walls · 2 gate(s)
Smoothed initial terrain · ◌ = detected wall gap · hover for details
Inputs per minute
— LB_小小leo - - Up1set
Build order — LB_小小leo
First 150 of 409 actions detected
| 0:02 | Research | Loom |
| 0:03 | Create | Villager (Male) |
| 0:04 | Build | House |
| 0:05 | Build | House |
| 0:35 | Create | Villager (Male) |
| 0:35 | Create | Villager (Male) |
| 1:21 | Create | Villager (Male) |
| 1:40 | Create | Villager (Male) |
| 2:05 | Create | Villager (Male) |
| 2:12 | Build | Lumber Camp |
| 3:01 | Create | Villager (Male) |
| 3:15 | Create | Villager (Male) |
| 3:31 | Create | Villager (Male) |
| 3:58 | Create | Villager (Male) |
| 4:20 | Build | House |
| 4:25 | Create | Villager (Male) |
| 4:44 | Build | Mill |
| 5:03 | Create | Villager (Male) |
| 5:25 | Create | Villager (Male) |
| 5:28 | Create | Villager (Male) |
| 6:09 | Create | Villager (Male) |
| 6:24 | Build | House |
| 6:28 | Create | Villager (Male) |
| 6:39 | Create | Villager (Male) |
| 6:51 | Create | Villager (Male) |
| 7:11 | Create | Villager (Male) |
| 7:21 | Build | Mill |
| 7:28 | Create | Villager (Male) |
| 7:54 | Build | Mill |
| 7:58 | Create | Villager (Male) |
| 8:37 | Create | Villager (Male) |
| 8:59 | Research | Feudal Age |
| 9:30 | Build | House |
| 11:12 | Age | Feudal Age |
| 11:13 | Create | Villager (Male) |
| 11:13 | Create | Villager (Male) |
| 11:13 | Create | Villager (Male) |
| 11:20 | Build | Blacksmith |
| 11:28 | Build | Market |
| 11:37 | Build | Farm |
| 11:38 | Build | Farm |
| 11:39 | Build | Farm |
| 11:42 | Build | Farm |
| 11:55 | Build | Farm |
| 12:39 | Research | Castle Age |
| 12:57 | Research | Double-Bit Axe |
| 13:07 | Build | Mining Camp |
| 13:37 | Build | House |
| 13:38 | Build | House |
| 15:03 | Create | Villager (Male) |
| 15:03 | Create | Villager (Male) |
| 15:03 | Create | Villager (Male) |
| 15:04 | Create | Villager (Male) |
| 15:19 | Age | Castle Age |
| 15:33 | Build | Town Center |
| 15:39 | Create | Villager (Male) |
| 15:57 | Build | Town Center |
| 16:01 | Create | Villager (Male) |
| 16:24 | Create | Villager (Male) |
| 16:24 | Create | Villager (Male) |
| 17:11 | Build | Town Center |
| 17:13 | Create | Villager (Male) |
| 17:13 | Create | Villager (Male) |
| 17:23 | Build | Farm |
| 17:33 | Build | Farm |
| 17:35 | Create | Villager (Male) |
| 17:36 | Create | Villager (Male) |
| 17:37 | Create | Villager (Male) |
| 17:52 | Build | Farm |
| 17:58 | Build | Farm |
| 18:00 | Create | Villager (Male) |
| 18:01 | Create | Villager (Male) |
| 18:02 | Create | Villager (Male) |
| 18:09 | Build | Farm |
| 18:13 | Build | Farm |
| 18:17 | Create | Villager (Male) |
| 18:18 | Create | Villager (Male) |
| 18:19 | Create | Villager (Male) |
| 18:28 | Build | Farm |
| 18:36 | Build | Farm |
| 18:37 | Create | Villager (Male) |
| 18:53 | Build | Farm |
| 18:59 | Create | Villager (Male) |
| 19:00 | Create | Villager (Male) |
| 19:11 | Build | Farm |
| 19:15 | Build | Farm |
| 19:20 | Build | Farm |
| 19:21 | Create | Villager (Male) |
| 19:22 | Create | Villager (Male) |
| 19:30 | Build | Farm |
| 19:34 | Build | Farm |
| 19:35 | Create | Villager (Male) |
| 19:40 | Create | Villager (Male) |
| 19:46 | Build | Farm |
| 19:53 | Create | Villager (Male) |
| 20:01 | Create | Villager (Male) |
| 20:09 | Build | Farm |
| 20:10 | Build | Farm |
| 20:11 | Create | Villager (Male) |
| 20:20 | Build | House |
| 20:21 | Build | House |
| 20:45 | Create | Villager (Male) |
| 20:45 | Create | Villager (Male) |
| 20:49 | Research | Wheelbarrow |
| 20:59 | Build | Town Center |
| 21:00 | Create | Villager (Male) |
| 21:01 | Create | Villager (Male) |
| 21:09 | Build | House |
| 21:10 | Build | House |
| 21:13 | Create | Villager (Male) |
| 21:14 | Create | Villager (Male) |
| 21:16 | Create | Villager (Male) |
| 21:32 | Build | Farm |
| 21:35 | Build | Farm |
| 21:38 | Build | Farm |
| 21:46 | Build | Farm |
| 21:47 | Build | Farm |
| 21:48 | Create | Villager (Male) |
| 21:49 | Create | Villager (Male) |
| 21:50 | Create | Villager (Male) |
| 21:52 | Create | Villager (Male) |
| 21:58 | Build | Farm |
| 22:00 | Build | Farm |
| 22:01 | Build | Farm |
| 22:06 | Create | Villager (Male) |
| 22:07 | Create | Villager (Male) |
| 22:08 | Create | Villager (Male) |
| 22:08 | Create | Villager (Male) |
| 22:14 | Build | House |
| 22:15 | Build | House |
| 22:22 | Build | House |
| 22:23 | Build | House |
| 22:25 | Create | Villager (Male) |
| 22:26 | Create | Villager (Male) |
| 22:32 | Create | Villager (Male) |
| 22:35 | Build | Farm |
| 22:42 | Create | Villager (Male) |
| 23:03 | Build | Castle |
| 23:05 | Create | Villager (Male) |
| 23:10 | Build | Farm |
| 23:11 | Build | Farm |
| 23:12 | Build | Farm |
| 23:18 | Build | House |
| 23:24 | Create | Villager (Male) |
| 23:25 | Create | Villager (Male) |
| 23:26 | Create | Villager (Male) |
| 23:26 | Create | Villager (Male) |
| 23:32 | Build | Farm |
| 23:33 | Build | Farm |
| 23:36 | Create | Villager (Male) |
Build order — Up1set
First 150 of 469 actions detected
| 0:02 | Build | House |
| 0:04 | Build | House |
| 0:06 | Create | Villager (Male) |
| 0:06 | Create | Villager (Male) |
| 0:06 | Create | Villager (Male) |
| 0:07 | Create | Villager (Male) |
| 1:42 | Create | Villager (Male) |
| 1:52 | Build | Lumber Camp |
| 2:01 | Create | Villager (Male) |
| 2:21 | Create | Villager (Male) |
| 2:49 | Create | Villager (Male) |
| 3:08 | Create | Villager (Male) |
| 3:09 | Create | Villager (Male) |
| 3:28 | Build | Mill |
| 3:59 | Create | Villager (Male) |
| 4:07 | Build | House |
| 4:28 | Create | Villager (Male) |
| 4:39 | Create | Villager (Male) |
| 4:39 | Create | Villager (Male) |
| 5:04 | Build | House |
| 5:18 | Create | Villager (Male) |
| 5:18 | Create | Villager (Male) |
| 5:19 | Create | Villager (Male) |
| 5:44 | Create | Villager (Male) |
| 6:24 | Create | Villager (Male) |
| 6:41 | Create | Villager (Male) |
| 7:15 | Build | Farm |
| 7:19 | Create | Villager (Male) |
| 7:31 | Build | House |
| 7:36 | Create | Villager (Male) |
| 8:02 | Create | Villager (Male) |
| 8:24 | Create | Villager (Male) |
| 8:54 | Research | Feudal Age |
| 9:06 | Build | House |
| 10:15 | Create | Villager (Male) |
| 10:58 | Age | Feudal Age |
| 10:59 | Build | Farm |
| 10:59 | Build | Farm |
| 10:59 | Build | Farm |
| 11:00 | Build | Farm |
| 11:01 | Build | Farm |
| 11:14 | Create | Villager (Male) |
| 11:16 | Create | Villager (Male) |
| 11:40 | Build | Mining Camp |
| 11:52 | Build | Blacksmith |
| 12:03 | Create | Villager (Male) |
| 12:06 | Create | Villager (Male) |
| 12:53 | Build | Market |
| 12:56 | Create | Villager (Male) |
| 13:04 | Build | House |
| 13:06 | Build | House |
| 13:27 | Create | Villager (Male) |
| 13:40 | Research | Castle Age |
| 13:54 | Build | Farm |
| 14:00 | Build | Farm |
| 14:16 | Build | Mining Camp |
| 15:18 | Build | Farm |
| 15:50 | Create | Villager (Male) |
| 16:15 | Age | Castle Age |
| 16:18 | Build | Town Center |
| 16:21 | Create | Villager (Male) |
| 16:32 | Research | Stone Mining |
| 17:00 | Create | Villager (Male) |
| 17:03 | Build | Farm |
| 17:10 | Create | Villager (Male) |
| 17:15 | Research | Double-Bit Axe |
| 17:31 | Create | Villager (Male) |
| 17:35 | Research | Wheelbarrow |
| 17:45 | Create | Villager (Male) |
| 17:50 | Create | Villager (Male) |
| 17:50 | Create | Villager (Male) |
| 17:59 | Create | Villager (Male) |
| 18:15 | Build | Farm |
| 18:19 | Research | Horse Collar |
| 18:35 | Build | Farm |
| 18:35 | Build | Farm |
| 18:41 | Create | Villager (Male) |
| 18:48 | Build | Farm |
| 18:51 | Create | Villager (Male) |
| 19:07 | Build | House |
| 19:11 | Build | Farm |
| 19:13 | Create | Villager (Male) |
| 19:18 | Create | Villager (Male) |
| 19:26 | Build | Farm |
| 19:28 | Create | Villager (Male) |
| 19:52 | Build | Castle |
| 19:54 | Create | Villager (Male) |
| 19:55 | Create | Villager (Male) |
| 19:56 | Create | Villager (Male) |
| 20:05 | Create | Villager (Male) |
| 20:10 | Build | Farm |
| 20:32 | Build | Mining Camp |
| 20:33 | Create | Villager (Male) |
| 20:34 | Create | Villager (Male) |
| 20:43 | Create | Villager (Male) |
| 20:53 | Create | Villager (Male) |
| 21:03 | Build | Farm |
| 21:08 | Build | Farm |
| 21:09 | Create | Villager (Male) |
| 21:09 | Create | Villager (Male) |
| 21:27 | Build | House |
| 21:28 | Build | House |
| 21:29 | Build | House |
| 21:30 | Build | House |
| 21:31 | Build | House |
| 21:33 | Build | House |
| 21:36 | Build | House |
| 21:49 | Build | Mill |
| 21:51 | Build | Farm |
| 21:55 | Build | Farm |
| 21:57 | Create | Villager (Male) |
| 21:58 | Create | Villager (Male) |
| 21:58 | Create | Villager (Male) |
| 22:11 | Create | Villager (Male) |
| 22:19 | Build | Mill |
| 22:21 | Build | Farm |
| 22:26 | Build | Farm |
| 22:32 | Build | Farm |
| 22:33 | Create | Villager (Male) |
| 22:34 | Create | Villager (Male) |
| 22:56 | Build | Farm |
| 22:59 | Create | Villager (Male) |
| 23:05 | Research | Heavy Plow |
| 23:08 | Research | Gold Mining |
| 23:15 | Research | Scale Barding Armor |
| 23:21 | Create | War Elephant |
| 23:30 | Create | Villager (Male) |
| 23:48 | Build | Town Center |
| 23:50 | Create | Villager (Male) |
| 23:51 | Create | Villager (Male) |
| 23:51 | Create | Villager (Male) |
| 23:51 | Create | Villager (Male) |
| 24:06 | Build | Farm |
| 24:13 | Create | Villager (Male) |
| 24:13 | Create | Villager (Male) |
| 24:19 | Create | War Elephant |
| 24:33 | Build | Farm |
| 24:36 | Create | Villager (Male) |
| 24:37 | Create | Villager (Male) |
| 25:01 | Build | Farm |
| 25:02 | Create | Villager (Male) |
| 25:02 | Create | Villager (Male) |
| 25:02 | Create | Villager (Male) |
| 25:13 | Create | War Elephant |
| 25:24 | Build | Mill |
| 25:25 | Build | Farm |
| 25:27 | Build | Farm |
| 25:35 | Build | Farm |
| 25:43 | Research | Chain Barding Armor |
| 25:53 | Create | War Elephant |
Build order — 傲娇
First 150 of 172 actions detected
| 0:34 | Create | Villager (Male) |
| 0:34 | Create | Villager (Male) |
| 0:34 | Create | Villager (Male) |
| 1:06 | Build | House |
| 1:34 | Build | House |
| 3:13 | Create | Villager (Male) |
| 3:13 | Create | Villager (Male) |
| 3:14 | Create | Villager (Male) |
| 3:52 | Build | Lumber Camp |
| 4:50 | Create | Villager (Male) |
| 4:51 | Create | Villager (Male) |
| 4:51 | Create | Villager (Male) |
| 4:51 | Create | Villager (Male) |
| 4:51 | Create | Villager (Male) |
| 4:52 | Create | Villager (Male) |
| 4:52 | Create | Villager (Male) |
| 5:49 | Build | House |
| 8:38 | Create | Villager (Male) |
| 8:38 | Create | Villager (Male) |
| 8:39 | Create | Villager (Male) |
| 9:15 | Build | Mill |
| 10:24 | Research | Feudal Age |
| 10:27 | Create | Villager (Male) |
| 10:27 | Create | Villager (Male) |
| 10:27 | Create | Villager (Male) |
| 10:27 | Create | Villager (Male) |
| 10:28 | Create | Villager (Male) |
| 10:47 | Build | House |
| 11:04 | Build | Lumber Camp |
| 12:34 | Age | Feudal Age |
| 13:14 | Build | Mining Camp |
| 14:51 | Build | Blacksmith |
| 15:08 | Research | Wheelbarrow |
| 15:10 | Create | Villager (Male) |
| 15:10 | Create | Villager (Male) |
| 15:10 | Create | Villager (Male) |
| 15:11 | Create | Villager (Male) |
| 15:43 | Build | Market |
| 16:25 | Research | Castle Age |
| 16:44 | Build | House |
| 16:59 | Build | House |
| 17:01 | Build | House |
| 17:03 | Build | House |
| 17:05 | Build | House |
| 17:41 | Build | Farm |
| 17:43 | Build | Farm |
| 17:51 | Build | Farm |
| 17:54 | Build | Farm |
| 17:56 | Build | Farm |
| 17:58 | Build | Farm |
| 18:01 | Build | Farm |
| 18:02 | Build | Farm |
| 18:04 | Build | Farm |
| 18:07 | Build | Farm |
| 18:09 | Build | Farm |
| 18:13 | Build | Farm |
| 18:17 | Build | Farm |
| 18:19 | Build | Farm |
| 18:22 | Build | Farm |
| 18:25 | Build | Farm |
| 18:28 | Build | Farm |
| 18:30 | Build | Farm |
| 18:34 | Build | Farm |
| 18:36 | Build | Farm |
| 18:38 | Build | Farm |
| 18:42 | Build | Farm |
| 18:46 | Build | Farm |
| 18:49 | Build | Farm |
| 18:53 | Build | Farm |
| 18:55 | Build | Farm |
| 19:01 | Build | Farm |
| 19:05 | Age | Castle Age |
| 19:21 | Create | Villager (Male) |
| 19:21 | Create | Villager (Male) |
| 19:22 | Create | Villager (Male) |
| 19:22 | Create | Villager (Male) |
| 19:22 | Create | Villager (Male) |
| 19:22 | Create | Villager (Male) |
| 19:22 | Create | Villager (Male) |
| 19:23 | Create | Villager (Male) |
| 19:23 | Create | Villager (Male) |
| 19:23 | Create | Villager (Male) |
| 19:24 | Create | Villager (Male) |
| 19:24 | Create | Villager (Male) |
| 19:26 | Research | Hand Cart |
| 20:07 | Build | Mining Camp |
| 21:15 | Build | Town Center |
| 22:27 | Build | Town Center |
| 22:42 | Create | Villager (Male) |
| 22:42 | Create | Villager (Male) |
| 22:43 | Create | Villager (Male) |
| 22:43 | Create | Villager (Male) |
| 22:43 | Create | Villager (Male) |
| 22:43 | Create | Villager (Male) |
| 22:43 | Create | Villager (Male) |
| 22:44 | Create | Villager (Male) |
| 22:44 | Create | Villager (Male) |
| 22:44 | Create | Villager (Male) |
| 22:44 | Create | Villager (Male) |
| 22:45 | Create | Villager (Male) |
| 22:45 | Create | Villager (Male) |
| 22:45 | Create | Villager (Male) |
| 22:45 | Create | Villager (Male) |
| 22:46 | Create | Villager (Male) |
| 22:50 | Create | Villager (Male) |
| 22:50 | Create | Villager (Male) |
| 22:51 | Create | Villager (Male) |
| 22:51 | Create | Villager (Male) |
| 22:51 | Create | Villager (Male) |
| 22:52 | Create | Villager (Male) |
| 22:52 | Create | Villager (Male) |
| 22:52 | Create | Villager (Male) |
| 22:52 | Create | Villager (Male) |
| 22:53 | Create | Villager (Male) |
| 22:53 | Create | Villager (Male) |
| 24:13 | Create | Villager (Male) |
| 24:13 | Create | Villager (Male) |
| 24:13 | Create | Villager (Male) |
| 24:14 | Create | Villager (Male) |
| 24:14 | Create | Villager (Male) |
| 24:14 | Create | Villager (Male) |
| 24:14 | Create | Villager (Male) |
| 24:14 | Create | Villager (Male) |
| 24:15 | Create | Villager (Male) |
| 24:15 | Create | Villager (Male) |
| 24:15 | Create | Villager (Male) |
| 24:15 | Create | Villager (Male) |
| 24:16 | Create | Villager (Male) |
| 24:16 | Create | Villager (Male) |
| 24:16 | Create | Villager (Male) |
| 24:16 | Create | Villager (Male) |
| 25:16 | Research | Double-Bit Axe |
| 26:54 | Build | Castle |
| 28:11 | Research | Imperial Age |
| 28:34 | Build | Barracks |
| 28:51 | Research | First Crusade |
| 28:58 | Create | Serjeant |
| 28:59 | Create | Serjeant |
| 28:59 | Create | Serjeant |
| 29:00 | Create | Serjeant |
| 29:00 | Create | Serjeant |
| 29:28 | Research | Gambesons |
| 29:29 | Research | Man-at-Arms (upgrade) |
| 29:30 | Create | Militia |
| 30:12 | Create | Militia |
| 30:12 | Create | Militia |
| 30:13 | Create | Militia |
| 30:13 | Create | Militia |
| 30:13 | Create | Militia |
| 30:13 | Create | Militia |
Build order — 一拍车拍死你全家
First 150 of 323 actions detected
| 0:15 | Build | House |
| 0:27 | Create | Villager (Male) |
| 0:28 | Create | Villager (Male) |
| 1:34 | Create | Villager (Male) |
| 1:35 | Create | Villager (Male) |
| 1:35 | Create | Villager (Male) |
| 2:29 | Build | Lumber Camp |
| 2:40 | Create | Villager (Male) |
| 2:40 | Create | Villager (Male) |
| 2:40 | Create | Villager (Male) |
| 2:57 | Build | House |
| 3:23 | Create | Villager (Male) |
| 3:50 | Create | Villager (Male) |
| 4:43 | Build | Mill |
| 4:54 | Create | Villager (Male) |
| 4:55 | Create | Villager (Male) |
| 4:55 | Create | Villager (Male) |
| 4:55 | Create | Villager (Male) |
| 5:02 | Build | House |
| 6:14 | Create | Villager (Male) |
| 6:38 | Create | Villager (Male) |
| 7:13 | Create | Villager (Male) |
| 8:03 | Build | House |
| 8:21 | Create | Villager (Male) |
| 8:58 | Build | Mining Camp |
| 9:04 | Create | Villager (Male) |
| 9:27 | Research | Feudal Age |
| 10:35 | Create | Villager (Male) |
| 10:36 | Create | Villager (Male) |
| 11:34 | Build | Farm |
| 11:34 | Build | Farm |
| 11:34 | Build | Farm |
| 11:40 | Age | Feudal Age |
| 11:44 | Build | House |
| 11:51 | Build | Farm |
| 11:52 | Build | Farm |
| 11:52 | Build | Farm |
| 11:52 | Build | Farm |
| 12:06 | Build | Mining Camp |
| 12:18 | Build | Farm |
| 12:21 | Create | Villager (Male) |
| 12:29 | Research | Double-Bit Axe |
| 13:19 | Build | Blacksmith |
| 13:31 | Create | Villager (Male) |
| 13:32 | Create | Villager (Male) |
| 13:41 | Create | Villager (Male) |
| 14:22 | Build | Market |
| 14:51 | Create | Villager (Male) |
| 15:01 | Build | House |
| 15:32 | Research | Castle Age |
| 15:58 | Build | House |
| 16:00 | Build | House |
| 16:05 | Create | Villager (Male) |
| 16:06 | Create | Villager (Male) |
| 17:09 | Build | House |
| 17:15 | Create | Villager (Male) |
| 17:15 | Create | Villager (Male) |
| 17:16 | Create | Villager (Male) |
| 17:17 | Create | Villager (Male) |
| 17:53 | Build | House |
| 18:12 | Age | Castle Age |
| 18:18 | Build | Town Center |
| 18:29 | Build | Monastery |
| 18:44 | Build | Farm |
| 19:23 | Build | University |
| 19:27 | Build | House |
| 19:29 | Build | House |
| 19:30 | Build | House |
| 19:31 | Build | House |
| 19:39 | Build | Farm |
| 19:44 | Build | Farm |
| 19:44 | Build | Farm |
| 19:44 | Build | Farm |
| 19:59 | Create | Villager (Male) |
| 20:00 | Create | Villager (Male) |
| 20:07 | Research | Bow Saw |
| 20:23 | Research | Stone Mining |
| 21:00 | Create | Villager (Male) |
| 21:01 | Create | Villager (Male) |
| 21:01 | Create | Villager (Male) |
| 21:33 | Build | Town Center |
| 21:55 | Build | Lumber Camp |
| 22:19 | Create | Villager (Male) |
| 22:19 | Create | Villager (Male) |
| 23:10 | Create | Villager (Male) |
| 23:10 | Create | Villager (Male) |
| 23:13 | Research | Wheelbarrow |
| 23:13 | Create | Villager (Male) |
| 23:14 | Create | Villager (Male) |
| 23:22 | Create | Villager (Male) |
| 23:23 | Create | Villager (Male) |
| 23:41 | Build | Mining Camp |
| 23:55 | Create | Villager (Male) |
| 23:55 | Create | Villager (Male) |
| 23:58 | Create | Villager (Male) |
| 24:25 | Create | Villager (Male) |
| 24:27 | Create | Villager (Male) |
| 24:30 | Create | Villager (Male) |
| 24:41 | Research | Hand Cart |
| 25:00 | Build | Town Center |
| 25:09 | Create | Villager (Male) |
| 25:12 | Create | Villager (Male) |
| 25:15 | Create | Villager (Male) |
| 25:20 | Research | Gold Mining |
| 25:41 | Create | Villager (Male) |
| 25:42 | Create | Villager (Male) |
| 25:43 | Create | Villager (Male) |
| 25:54 | Build | Farm |
| 25:54 | Build | Farm |
| 26:25 | Create | Monk |
| 26:48 | Create | Villager (Male) |
| 26:50 | Create | Villager (Male) |
| 26:50 | Create | Villager (Male) |
| 26:54 | Create | Villager (Male) |
| 27:12 | Build | Farm |
| 27:34 | Build | Castle |
| 27:44 | Create | Villager (Male) |
| 27:45 | Create | Villager (Male) |
| 27:49 | Create | Villager (Male) |
| 27:50 | Create | Villager (Male) |
| 27:50 | Create | Villager (Male) |
| 28:01 | Create | Villager (Male) |
| 28:01 | Create | Villager (Male) |
| 28:16 | Build | Farm |
| 28:29 | Create | Villager (Male) |
| 28:30 | Create | Villager (Male) |
| 28:39 | Build | Farm |
| 29:16 | Build | Farm |
| 29:21 | Create | Villager (Male) |
| 29:24 | Create | Villager (Male) |
| 29:24 | Create | Villager (Male) |
| 29:29 | Build | Farm |
| 29:37 | Build | Mining Camp |
| 29:42 | Build | Farm |
| 29:42 | Build | Farm |
| 29:42 | Build | Farm |
| 29:43 | Build | Farm |
| 29:43 | Build | Farm |
| 29:46 | Build | Farm |
| 29:56 | Build | Farm |
| 30:00 | Create | Villager (Male) |
| 30:00 | Create | Villager (Male) |
| 30:05 | Create | Villager (Male) |
| 30:06 | Create | Villager (Male) |
| 30:08 | Create | Villager (Male) |
| 30:08 | Create | Villager (Male) |
| 30:27 | Build | Barracks |
| 30:42 | Build | Lumber Camp |
| 30:51 | Create | Villager (Male) |
| 30:52 | Create | Villager (Male) |
Build order — Tsukitech
First 150 of 274 actions detected
| 0:05 | Build | House |
| 0:07 | Build | House |
| 0:08 | Create | Villager (Male) |
| 0:08 | Create | Villager (Male) |
| 1:03 | Create | Villager (Male) |
| 1:09 | Create | Villager (Male) |
| 1:44 | Create | Villager (Male) |
| 1:45 | Create | Villager (Male) |
| 2:43 | Create | Villager (Male) |
| 3:05 | Build | Mill |
| 3:13 | Build | House |
| 3:18 | Create | Villager (Male) |
| 3:22 | Create | Villager (Male) |
| 3:50 | Create | Villager (Male) |
| 4:19 | Build | Lumber Camp |
| 4:22 | Create | Villager (Male) |
| 4:35 | Create | Villager (Male) |
| 5:26 | Create | Villager (Male) |
| 5:50 | Create | Villager (Male) |
| 6:22 | Create | Villager (Male) |
| 6:29 | Create | Villager (Male) |
| 7:35 | Research | Feudal Age |
| 7:58 | Build | House |
| 8:23 | Build | Mining Camp |
| 9:17 | Create | Villager (Male) |
| 9:44 | Age | Feudal Age |
| 9:48 | Create | Villager (Male) |
| 10:09 | Create | Villager (Male) |
| 10:14 | Build | Mining Camp |
| 10:35 | Create | Villager (Male) |
| 10:59 | Create | Villager (Male) |
| 11:14 | Build | Blacksmith |
| 11:19 | Create | Villager (Male) |
| 11:30 | Build | Farm |
| 11:55 | Build | House |
| 12:15 | Build | Market |
| 12:56 | Build | House |
| 12:59 | Create | Villager (Male) |
| 13:23 | Build | House |
| 13:45 | Build | Farm |
| 13:46 | Build | Farm |
| 13:46 | Build | Farm |
| 13:49 | Create | Villager (Male) |
| 14:09 | Create | Villager (Male) |
| 14:20 | Build | Farm |
| 14:26 | Build | Farm |
| 14:26 | Build | Farm |
| 14:27 | Build | Farm |
| 14:27 | Build | Farm |
| 14:48 | Research | Castle Age |
| 14:59 | Build | Farm |
| 15:44 | Research | Double-Bit Axe |
| 17:28 | Age | Castle Age |
| 17:39 | Build | Town Center |
| 17:46 | Build | Town Center |
| 17:48 | Create | Villager (Male) |
| 17:54 | Create | Villager (Male) |
| 18:31 | Create | Villager (Male) |
| 18:41 | Create | Villager (Male) |
| 19:19 | Build | Town Center |
| 19:28 | Build | Farm |
| 19:29 | Build | Farm |
| 19:29 | Build | Farm |
| 19:29 | Build | Farm |
| 19:32 | Create | Villager (Male) |
| 19:32 | Create | Villager (Male) |
| 19:33 | Create | Villager (Male) |
| 19:36 | Create | Villager (Male) |
| 19:37 | Create | Villager (Male) |
| 19:37 | Create | Villager (Male) |
| 19:37 | Create | Villager (Male) |
| 19:50 | Research | Horse Collar |
| 19:53 | Research | Bow Saw |
| 19:59 | Build | Farm |
| 19:59 | Build | Farm |
| 20:04 | Build | Farm |
| 20:12 | Build | Farm |
| 20:29 | Create | Villager (Male) |
| 20:37 | Build | Farm |
| 20:47 | Research | Loom |
| 21:02 | Create | Villager (Male) |
| 21:03 | Create | Villager (Male) |
| 21:04 | Create | Villager (Male) |
| 21:11 | Build | Farm |
| 21:30 | Create | Villager (Male) |
| 21:42 | Build | Farm |
| 21:44 | Create | Villager (Male) |
| 21:44 | Create | Villager (Male) |
| 22:00 | Create | Villager (Male) |
| 22:00 | Create | Villager (Male) |
| 22:02 | Create | Villager (Male) |
| 22:07 | Build | Farm |
| 22:08 | Create | Villager (Male) |
| 22:10 | Create | Villager (Male) |
| 22:55 | Build | House |
| 23:04 | Build | House |
| 23:06 | Create | Villager (Male) |
| 23:24 | Build | House |
| 23:28 | Create | Villager (Male) |
| 23:29 | Create | Villager (Male) |
| 23:38 | Research | Forging |
| 23:39 | Research | Scale Barding Armor |
| 23:53 | Build | House |
| 23:58 | Build | Farm |
| 24:04 | Create | Villager (Male) |
| 24:05 | Create | Villager (Male) |
| 24:23 | Build | Farm |
| 24:30 | Build | Farm |
| 24:33 | Create | Villager (Male) |
| 24:34 | Create | Villager (Male) |
| 24:35 | Create | Villager (Male) |
| 24:36 | Create | Villager (Male) |
| 24:41 | Build | House |
| 24:41 | Build | House |
| 24:42 | Build | House |
| 24:43 | Build | House |
| 24:44 | Build | House |
| 25:01 | Build | Barracks |
| 25:11 | Build | Farm |
| 25:12 | Create | Villager (Male) |
| 25:12 | Create | Villager (Male) |
| 25:16 | Create | Villager (Male) |
| 25:16 | Create | Villager (Male) |
| 25:25 | Build | Siege Workshop |
| 25:33 | Build | Farm |
| 25:43 | Create | Villager (Male) |
| 25:43 | Create | Villager (Male) |
| 25:43 | Create | Villager (Male) |
| 25:47 | Create | Villager (Male) |
| 25:48 | Create | Villager (Male) |
| 25:52 | Create | Villager (Male) |
| 25:52 | Create | Villager (Male) |
| 25:53 | Create | Villager (Male) |
| 26:28 | Build | Castle |
| 26:46 | Build | Castle |
| 26:52 | Build | Stable |
| 26:53 | Build | Stable |
| 27:23 | Build | Monastery |
| 27:27 | Build | University |
| 27:34 | Research | Husbandry |
| 27:35 | Research | Bloodlines |
| 27:46 | Build | House |
| 27:48 | Create | Villager (Male) |
| 27:49 | Create | Villager (Male) |
| 28:03 | Research | Imperial Age |
| 28:28 | Build | Stable |
| 28:30 | Build | Stable |
| 28:31 | Build | Stable |
| 28:35 | Create | Petard |
| 28:35 | Create | Petard |
Build order — 喜多川海梦
First 150 of 314 actions detected
| 0:06 | Build | House |
| 0:09 | Build | House |
| 0:12 | Create | Villager (Male) ×5 |
| 0:12 | Create | Villager (Male) |
| 1:43 | Create | Villager (Male) |
| 2:46 | Create | Villager (Male) |
| 2:46 | Create | Villager (Male) |
| 2:46 | Create | Villager (Male) |
| 3:13 | Build | House |
| 3:56 | Create | Villager (Male) |
| 3:56 | Create | Villager (Male) |
| 3:57 | Create | Villager (Male) |
| 3:57 | Create | Villager (Male) |
| 4:16 | Build | House |
| 4:51 | Create | Villager (Male) |
| 4:51 | Create | Villager (Male) |
| 5:54 | Build | Lumber Camp |
| 6:49 | Create | Villager (Male) |
| 7:10 | Build | Mill |
| 8:08 | Research | Feudal Age |
| 9:10 | Create | Villager (Male) |
| 9:45 | Create | Villager (Male) |
| 9:45 | Create | Villager (Male) |
| 9:45 | Create | Villager (Male) |
| 9:45 | Create | Villager (Male) |
| 9:46 | Create | Villager (Male) |
| 10:18 | Age | Feudal Age |
| 10:22 | Build | Market |
| 11:01 | Build | Blacksmith |
| 11:14 | Build | House |
| 11:19 | Create | Villager (Male) |
| 11:19 | Create | Villager (Male) |
| 11:19 | Create | Villager (Male) |
| 11:46 | Build | Mining Camp |
| 12:52 | Build | Farm |
| 13:17 | Build | Farm |
| 13:45 | Build | Farm |
| 14:07 | Build | Farm |
| 14:36 | Research | Castle Age |
| 15:27 | Build | House |
| 15:28 | Build | House |
| 15:28 | Build | House |
| 15:29 | Build | House |
| 16:26 | Build | Mining Camp |
| 17:06 | Create | Villager (Male) |
| 17:06 | Create | Villager (Male) |
| 17:06 | Create | Villager (Male) |
| 17:07 | Create | Villager (Male) |
| 17:07 | Create | Villager (Male) |
| 17:07 | Create | Villager (Male) |
| 17:16 | Age | Castle Age |
| 17:19 | Build | Town Center |
| 17:48 | Build | Farm |
| 17:57 | Build | Monastery |
| 18:07 | Build | Monastery |
| 18:43 | Create | Villager (Male) |
| 18:43 | Create | Villager (Male) |
| 18:43 | Create | Villager (Male) |
| 18:44 | Create | Villager (Male) |
| 18:56 | Create | Villager (Male) |
| 19:41 | Create | Monk |
| 20:01 | Build | Town Center |
| 20:08 | Create | Villager (Male) |
| 20:09 | Create | Villager (Male) |
| 20:17 | Build | Farm |
| 20:38 | Create | Monk |
| 20:52 | Create | Villager (Male) |
| 20:52 | Create | Villager (Male) |
| 21:05 | Build | Farm |
| 21:05 | Build | Farm |
| 21:06 | Build | Farm |
| 21:06 | Build | Farm |
| 21:15 | Build | Farm |
| 21:16 | Build | Farm |
| 21:16 | Build | Farm |
| 21:17 | Build | Farm |
| 21:17 | Build | Farm |
| 21:18 | Build | Farm |
| 21:38 | Create | Villager (Male) |
| 21:38 | Create | Villager (Male) |
| 21:38 | Create | Villager (Male) |
| 21:38 | Create | Villager (Male) |
| 22:09 | Build | Farm |
| 22:10 | Build | Farm |
| 22:41 | Create | Villager (Male) |
| 22:41 | Create | Villager (Male) |
| 22:41 | Create | Villager (Male) |
| 22:45 | Create | Villager (Male) |
| 22:45 | Create | Villager (Male) |
| 22:45 | Create | Villager (Male) |
| 22:49 | Build | Farm |
| 23:23 | Build | Castle |
| 23:53 | Create | Villager (Male) |
| 23:53 | Create | Villager (Male) |
| 23:53 | Create | Villager (Male) |
| 23:59 | Create | Villager (Male) |
| 24:00 | Create | Villager (Male) |
| 24:00 | Create | Villager (Male) |
| 24:03 | Create | Villager (Male) |
| 24:04 | Create | Villager (Male) |
| 24:04 | Create | Villager (Male) |
| 24:26 | Research | Forging |
| 24:40 | Build | House |
| 25:19 | Build | House |
| 25:20 | Build | House |
| 25:21 | Build | House |
| 25:27 | Create | Villager (Male) |
| 25:27 | Create | Villager (Male) |
| 25:30 | Create | Villager (Male) |
| 25:30 | Create | Villager (Male) |
| 25:38 | Build | Farm |
| 25:38 | Build | Farm |
| 25:40 | Build | Farm |
| 25:48 | Build | Barracks |
| 25:52 | Research | Iron Casting |
| 26:33 | Build | House |
| 26:33 | Build | House |
| 26:34 | Build | House |
| 26:35 | Build | House |
| 26:42 | Build | Stable |
| 26:43 | Build | Stable |
| 26:43 | Build | Stable |
| 26:48 | Create | Villager (Male) |
| 26:48 | Create | Villager (Male) |
| 26:48 | Create | Villager (Male) |
| 26:50 | Create | Villager (Male) |
| 26:51 | Create | Villager (Male) |
| 26:51 | Create | Villager (Male) |
| 26:53 | Create | Villager (Male) |
| 26:53 | Create | Villager (Male) |
| 26:54 | Create | Villager (Male) |
| 27:01 | Research | Horse Collar |
| 27:16 | Research | Double-Bit Axe |
| 27:30 | Build | Farm |
| 27:40 | Build | Farm |
| 27:47 | Research | Husbandry |
| 27:59 | Build | Farm |
| 28:25 | Build | Castle |
| 28:33 | Build | Farm |
| 28:54 | Build | University |
| 29:05 | Build | Stable |
| 29:06 | Build | Stable |
| 29:15 | Create | Villager (Male) |
| 29:15 | Create | Villager (Male) |
| 29:16 | Create | Villager (Male) |
| 29:24 | Build | Farm |
| 29:24 | Build | Farm |
| 29:29 | Create | Villager (Male) |
| 29:29 | Create | Villager (Male) |
| 29:29 | Create | Villager (Male) |
Match timeline
| 9:44 | Tsukitech · age_up feudal |
| 10:18 | 喜多川海梦 · age_up feudal |
| 10:58 | Up1set · age_up feudal |
| 11:12 | LB_小小leo · age_up feudal |
| 11:40 | 一拍车拍死你全家 · age_up feudal |
| 12:19 | LB_小小leo · first_market_sell 100 wood |
| 12:23 | 喜多川海梦 · first_market_sell 100 wood |
| 12:34 | 傲娇 · age_up feudal |
| 13:03 | 喜多川海梦 · first_market_buy 100 food |
| 13:37 | Up1set · first_market_sell 100 wood |
| 14:14 | Tsukitech · first_market_buy 100 food |
| 14:38 | Tsukitech · first_market_sell 100 stone |
| 15:19 | LB_小小leo · age_up castle |
| 16:15 | Up1set · age_up castle |
| 17:16 | 喜多川海梦 · age_up castle |
| 17:28 | Tsukitech · age_up castle |
| 17:57 | 喜多川海梦 · first_building Monastery |
| 18:12 | 一拍车拍死你全家 · age_up castle |
| 18:29 | 一拍车拍死你全家 · first_building Monastery |
| 19:05 | 傲娇 · age_up castle |
| 19:52 | Up1set · first_building Castle |
| 23:03 | LB_小小leo · first_building Castle |
| 23:23 | 喜多川海梦 · first_building Castle |
| 24:27 | LB_小小leo · first_building Monastery |
| 25:01 | Tsukitech · first_building Barracks |
| 25:25 | Tsukitech · first_building Siege Workshop |
| 25:48 | 喜多川海梦 · first_building Barracks |
| 26:22 | 傲娇 · first_market_sell 100 wood |
| 26:24 | 傲娇 · first_market_buy 100 stone |
| 26:28 | Tsukitech · first_building Castle |
| 26:42 | 喜多川海梦 · first_building Stable |
| 26:52 | Tsukitech · first_building Stable |
| 26:54 | 傲娇 · first_building Castle |
| 27:23 | Tsukitech · first_building Monastery |
| 27:24 | LB_小小leo · first_building Barracks |
| 27:34 | 一拍车拍死你全家 · first_building Castle |
| 28:24 | LB_小小leo · first_building Stable |
| 28:34 | 傲娇 · first_building Barracks |
| 29:43 | Up1set · first_market_buy 100 food |
| 30:06 | 喜多川海梦 · first_building Siege Workshop |
| 30:08 | LB_小小leo · age_up imperial |
| 30:27 | 一拍车拍死你全家 · first_building Barracks |
| 31:13 | Tsukitech · age_up imperial |
| 31:33 | 一拍车拍死你全家 · first_building Archery Range |
| 31:53 | 一拍车拍死你全家 · first_building Stable |
| 32:48 | Up1set · age_up imperial |
| 35:19 | Up1set · first_building Barracks |
| 35:37 | 一拍车拍死你全家 · age_up imperial |
| 35:56 | 喜多川海梦 · age_up imperial |
| 40:27 | 傲娇 · tribute_sent a jugador 1 |
| 40:27 | 傲娇 · tribute_sent a jugador 2 |
| 40:27 | 傲娇 · tribute_sent a jugador 4 |
| 40:27 | 傲娇 · tribute_sent a jugador 5 |
| 40:27 | 傲娇 · tribute_sent a jugador 6 |
| 41:22 | 傲娇 · tribute_sent a jugador 1 |
| 41:22 | 傲娇 · tribute_sent a jugador 2 |
| 41:22 | 傲娇 · tribute_sent a jugador 4 |
| 41:22 | 傲娇 · tribute_sent a jugador 5 |
| 41:22 | 傲娇 · tribute_sent a jugador 6 |
| 42:19 | 傲娇 · tribute_sent a jugador 1 |
| 42:19 | 傲娇 · tribute_sent a jugador 2 |
| 42:19 | 傲娇 · tribute_sent a jugador 4 |
| 42:19 | 傲娇 · tribute_sent a jugador 5 |
| 42:19 | 傲娇 · tribute_sent a jugador 6 |
| 43:59 | Up1set · first_building Stable |
| 45:12 | Up1set · first_building Siege Workshop |
| 47:10 | 傲娇 · tribute_sent a jugador 1 |
| 47:10 | 傲娇 · tribute_sent a jugador 2 |
| 47:10 | 傲娇 · tribute_sent a jugador 4 |
| 47:10 | 傲娇 · tribute_sent a jugador 5 |
| 47:10 | 傲娇 · tribute_sent a jugador 6 |
| 47:27 | 傲娇 · tribute_sent a jugador 1 |
| 47:27 | 傲娇 · tribute_sent a jugador 2 |
| 47:27 | 傲娇 · tribute_sent a jugador 4 |
| 47:27 | 傲娇 · tribute_sent a jugador 5 |
| 47:27 | 傲娇 · tribute_sent a jugador 6 |
| 47:49 | Tsukitech · first_building Archery Range |
| 49:48 | Up1set · first_building Archery Range |
| 50:22 | 傲娇 · tribute_sent a jugador 1 |
| 50:22 | 傲娇 · tribute_sent a jugador 2 |
| 50:22 | 傲娇 · tribute_sent a jugador 4 |
| 50:22 | 傲娇 · tribute_sent a jugador 5 |
| 50:22 | 傲娇 · tribute_sent a jugador 6 |
| 53:54 | LB_小小leo · resign |
| 56:26 | 傲娇 · tribute_sent a jugador 1 |
| 56:26 | 傲娇 · tribute_sent a jugador 2 |
| 56:26 | 傲娇 · tribute_sent a jugador 4 |
| 56:26 | 傲娇 · tribute_sent a jugador 5 |
| 56:26 | 傲娇 · tribute_sent a jugador 6 |
[ AI ANALYSIS · 1 CREDIT ]
What really happened in this match?
Wolo.gg analyzes every decision: build order, eco, micro, common mistakes by bracket. Personalized analysis on WhatsApp or Discord in 30 seconds.
Civ guide
Franks
Perfil
Jugador #25174020